 Dungeon Crawl Stone Soup version 0.24-a0-584-g9d6b971ae4 (webtiles) character file.

Game seed: 4705235302514028941, levelgen mode: deterministic

87 Mithandil the Skirmisher (level 4, -2/35 HPs)
             Began as a Demonspawn Abyssal Knight on Sept 4, 2019.
             Was a Follower of Lugonu.
             Slain by a gnoll (5 damage)
             ... on level 2 of the Dungeon.
             The game lasted 00:07:46 (1452 turns).

Mithandil the Skirmisher (DsAK)                     Turns: 1452, Time: 00:07:46

Health: -2/35      AC:  5    Str: 11 (13) XL:     4   Next: 28%
Magic:  6/6        EV: 10    Int: 11 (14) God:    Lugonu [*.....]
Gold:   49         SH:  0    Dex: 12      Spells: 3/3 levels left

rFire    . . .     SeeInvis .   a - +1 short sword (elec)
rCold    . . .     Gourm    .   (no shield)
rNeg     . . .     Faith    .   i - +0 ring mail
rPois    .         Spirit   .   (no helmet)
rElec    .         Reflect  .   (no cloak)
rCorr    .         Harm     .   (no gloves)
MR       .....                  (no boots)
Stlth    ++........             (no amulet)
HPRegen  0.11/turn              (no ring)
MPRegen  0.10/turn              (no ring)

@: no status effects
A: claws 1, nightstalker 1
a: Depart the Abyss, Renounce Religion


You were on level 2 of the Dungeon.
You worshipped Lugonu.
Lugonu was aware of your devotion.
You were not hungry.

You visited 1 branch of the dungeon, and saw 3 of its levels.
You visited the Abyss 1 time.

You collected 49 gold pieces.

Inventory:

Hand Weapons
 a - a +1 short sword of electrocution (weapon)
 b - a +1 falchion
 m - a +0 spear
 p - a +0 hunting sling
Missiles
 f - 18 arrows
 g - 114 stones (quivered)
 n - 13 bolts
Armour
 e - a +0 leather armour
 i - a +0 ring mail (worn)
Scrolls
 d - a scroll of remove curse
 h - 2 scrolls of teleportation
 o - 2 scrolls of identify
Potions
 k - 2 potions of curing
Comestibles
 c - 4 rations
 l - 2 chunks of flesh


   Skills:
 + Level 3.2 Fighting
 * Level 1.2(2.0) Short Blades
 * Level 2.4(2.6) Long Blades
 + Level 2.1 Armour
 + Level 1.3 Dodging
 + Level 1.0 Stealth
 + Level 0.8 Unarmed Combat
 + Level 3.0 Invocations


You had 3 spell levels left.
You didn't know any spells.
Your spell library was empty.

Dungeon Overview and Level Annotations

Branches:
Dungeon (3/15)

Altars:


Innate Abilities, Weirdness & Mutations

You have sharp fingernails.
You are slightly more attuned to the shadows.


Message History

The gnoll is moderately wounded.
The gnoll hits you.
* * * LOW HITPOINT WARNING * * *
The gnoll hits you but does no damage.
You barely miss the gnoll.
The gnoll is moderately wounded.
The gnoll barely misses you. The gnoll closely misses you.
You hit the gnoll but do no damage.
The gnoll is moderately wounded.
The gnoll hits you.
* * * LOW HITPOINT WARNING * * *
The gnoll hits you with a +0 spear.
* * * LOW HITPOINT WARNING * * *
You barely miss the gnoll.
The gnoll is moderately wounded.
The gnoll hits you but does no damage. The gnoll barely misses you.
You hit the gnoll.
The gnoll is almost dead.
The gnoll hits you.
You die...

####.###.# ... .....# #.# ..#
..#### #!# ..# ... #.# #.#.####.#
... #..## #.#......###...
....####.####.....#.###
....'..................
....####.####..#gg###### ###
....##...##....#@....... ..
....##.#.##.#..÷)############.###
....##.#.##.######....##....#...#
##.....#....######.##.##.#....#
##..####'##.....##.##.......#.#
##..##..........'.....##....#.#
##.##..........#.##.#..).....#
#..'...÷...÷..#.#..^.#.##.#...#
####.#......÷...#.#..###.##.#.###


You could see 2 gnolls.

Vanquished Creatures
  2 gnolls (D:2)
  3 adders (D:2)
  A dart slug (D:1)
  A leopard gecko (D:2)
  4 bats
  2 giant cockroaches (D:1)
  3 goblins
  6 hobgoblins
  3 jackals (D:2)
  A quokka (D:2)
  3 frilled lizards
  4 kobolds
  5 rats
38 creatures vanquished.

Notes
Turn   | Place    | Note
-------+----------+-------------------------------------------
     0 | Abyss:1  | Mithandil the Demonspawn Abyssal Knight began the quest for
                  | the Orb.
     0 | Abyss:1  | Reached XP level 1. HP: 18/18 MP: 2/2
    36 | Abyss:1  | Noticed a chaos spawn
    37 | D:1      | Escaped the Abyss
   134 | D:1      | Reached skill level 1 in Dodging
   135 | D:1      | Reached * piety under Lugonu
   198 | D:2      | Gained mutation: You are slightly more attuned to the
                  | shadows. [demonic ancestry]
   198 | D:2      | Reached XP level 2. HP: 21/24 MP: 3/3
   981 | D:2      | Gained mutation: You have sharp fingernails. [demonic
                  | ancestry]
   981 | D:2      | Reached XP level 3. HP: 11/29 MP: 5/5
  1169 | D:2      | Reached skill level 1 in Short Blades
  1434 | D:2      | Reached XP level 4. HP: 35/35 MP: 6/6
  1444 | D:2      | Reached skill level 1 in Stealth
  1452 | D:2      | Slain by a gnoll

Levels and vault maps discovered:
D:1:      minmay_arrival_pointy, layout_loops_ring, fountainhead,
          serial_bayou_pond_c
D:2:      layout_basic
D:3:      layout_loops_corners

Skill      XL: |  1  2  3  4 |
---------------+-------------+-----
Dodging        | 1 |  1.3
Long Blades    | 2 |  2.4
Armour         | 2 |  2.1
Short Blades   | 1 |  1.2
Stealth        | 1 |  1.0
Invocations    | 3 |  3.0
Fighting       | |  3.2
Unarmed Combat | |  0.8

Action                   |  1- 3 |  4- 6 || total
-------------------------+-------+-------++-------
Melee: Falchion          |    21 |       ||    21
       Short sword       |    78 |    12 ||    90
Invok: Depart the Abyss  |     1 |       ||     1
  Use: Scroll            |     5 |       ||     5
       Potion            |     1 |       ||     1
 Stab: Sleeping          |     1 |       ||     1
  Eat: Chunk             |     2 |       ||     2
Armor: Leather armour    |    21 |       ||    21
       Ring mail         |    11 |     3 ||    14
Dodge: Dodged            |    65 |     7 ||    72
       Rpst.: Falchion   |     5 |       ||     5

Table legend:
 A = Non-vault XP
 B = Vault XP
 C = Vault XP percentage of total XP
 D = Non-vault monster count
 E = Vault monster count
 F = Vault count percentage of total count
                 A         B        C        D         E       F
            +---------+---------+-------+---------+---------+-------
      Total |     125 |       0 |   0.0 |      38 |       0 |   0.0
            +---------+---------+-------+---------+---------+-------
        D:1 |      22 |       0 |   0.0 |      12 |       0 |   0.0
        D:2 |     103 |       0 |   0.0 |      26 |       0 |   0.0
            +---------+---------+-------+---------+---------+-------
